 Dungeon Crawl Stone Soup version 0.31.0-11-ge490571c62 (webtiles) character file.

Game seed: 17117452486321825498

15 ezpacito the Trooper (level 2, 24/24 HPs)
             Began as a Demonspawn Berserker on Feb 8, 2024.
             Was a Follower of Trog.
             Quit the game on level 1 of the Dungeon.
             The game lasted 00:00:30 (409 turns).

ezpacito the Trooper (Demonspawn Berserker)          Turns: 409, Time: 00:00:30

Health: 24/24      AC:  6    Str: 17    XL:     2   Next: 34%
Magic:  2/2        EV: 11    Int:  7    God:    Trog [*.....]
Gold:   20         SH:  0    Dex: 12    Spells: 1/1 levels left

rFire   . . .        a - +0 hand axe
rCold   . . .        (no shield)
rNeg    . . .        d - +0 ring mail
rPois   .            (no helmet)
rElec   .            (no cloak)
rCorr   .            (no gloves)
SInv    .            (no boots)
Will    .....        (no amulet)
Stlth   +            (no ring)
HPRegen 0.24/turn    (no ring)
MPRegen 0.08/turn

%: no passive effects
@: no status effects
A: rugged brown scales 1
a: Renounce Religion, Berserk


You were on level 1 of the Dungeon.
You worshipped Trog.
Trog was aware of your devotion.
You visited 1 branch of the dungeon, and saw 1 of its levels.

You collected 20 gold pieces.

Inventory:

Hand Weapons
 a - a +0 hand axe (weapon)
Armour
 d - a +0 ring mail (worn)
Scrolls
 b - a scroll of identify {unknown}
 c - a scroll of poison {unknown}


   Skills:
 * Level 3.1 Fighting
 * Level 2.8 Axes
 * Level 2.0 Armour
 * Level 2.0 Dodging
 + Level 0.4 Stealth
 + Level 0.3 Unarmed Combat


You had one spell level left.
You didn't know any spells.
Your spell library was empty.

Dungeon Overview and Level Annotations

Branches:
Dungeon (1/15)

Altars:


Innate Abilities, Weirdness & Mutations

You are partially covered in rugged brown scales. (AC +1, +3% HP)


Message History

You enter the shallow water.
Moving in this stuff is going to be slow.
The quokka misses you.
You closely miss the quokka.
The quokka splashes around in the water. x2
You hit the quokka.
You kill the quokka!
Trog accepts your kill.
Your Dodging skill increases to level 2!
No target in view!
No target in view!
No target in view!
No target in view!
You enter the shallow water.
Moving in this stuff is going to be slow.
You see here a quokka corpse.
Found a stone staircase leading down.
You now have 20 gold pieces (gained 6).
No target in view!
A kobold comes into view. It is wielding a +3 short sword.
The kobold shouts!
A kobold is nearby!
You hit the kobold but do no damage. The kobold hits you but does no damage.
The kobold closely misses you.
You hit the kobold. Your punch misses the kobold.
The kobold is heavily wounded.
The kobold hits you but does no damage.
You hit the kobold.
You kill the kobold!
Trog accepts your kill.
No target in view!
No target in view!
No target in view!
No target in view!
No target in view!
No target in view!
No target in view!
Things that are here:
a +3 short sword; a kobold corpse Are you sure you want to abandon this character and quit the game? (Confirm with "yes".)

.+...............P..~
###.#.#.#.........
#########......#....#....
..>....................#
#..####...........#.#..
..##.####....########.#
................. #
.#####..#########
........@.....#
.######.#####.# #.# #..
###


There were no monsters in sight!

Vanquished Creatures
  A ball python (D:1)
  2 bats (D:1)
  An endoplasm (D:1)
  A giant cockroach (D:1)
  3 hobgoblins (D:1)
  2 kobolds (D:1)
  A quokka (D:1)
  A frilled lizard (D:1)
12 creatures vanquished.

Notes
Turn   | Place    | Note
-------+----------+-------------------------------------------
     0 | D:1      | ezpacito the Demonspawn Berserker began the quest for the
                  | Orb.
     0 | D:1      | Reached XP level 1. HP: 18/18 MP: 1/1
   306 | D:1      | Gained mutation: You are partially covered in rugged brown
                  | scales. (AC +1, +3% HP) [demonic ancestry]
   306 | D:1      | Reached XP level 2. HP: 17/24 MP: 2/2
   409 | D:1      | Quit the game

Illustrated notes

Levels and vault maps discovered:
D:1:      scummos_arrival_checkerplants, layout_basic, chequers_big_river

Skill      XL: |  1  2 |
---------------+-------+-----
Armour         | 2 |  2.0
Dodging        | 2 |  2.0
Fighting       | |  3.1
Axes           | |  2.8
Stealth        | |  0.4
Unarmed Combat | |  0.3

Action                     || total
---------------------------++-------
  Melee: Hand axe          ||    36
   Stab: Sleeping          ||     1
 Armour: Ring mail         ||     9
         Animal skin       ||     3
  Dodge: Dodged            ||    22
